 Dungeon Crawl Stone Soup version 0.21.1-1-g345015f (webtiles) character file.

497 inc the Magician (level 7, -1/41 HPs)
             Began as an Octopode Ice Elementalist on May 1, 2018.
             Was an Initiate of Gozag.
             Slain by a centaur (5 damage)
             ... on level 5 of the Dungeon.
             The game lasted 00:10:58 (5138 turns).

inc the Magician (Octopode Ice Elementalist)        Turns: 5138, Time: 00:10:58

Health: -1/41      AC:  1    Str:  8    XL:     7   Next: 15%
Magic:  8/15       EV: 13    Int: 19    God:    Gozag
Gold:   354        SH:  0    Dex: 12    Spells: 10/16 levels left

rFire    . . .     SeeInvis .   s - +3 falchion (slice)
rCold    . . .     Gourm    .   (no shield)
rNeg     . . .     Faith    .   (helmet restricted)
rPois    .         Spirit   .   (no amulet)
rElec    .         Reflect  .   (no ring)
rCorr    .         Harm     .   (no ring)
MR       .....                  (no ring)
Stlth    +++.......             (no ring)
HPRegen  0.13/turn              (no ring)
MPRegen  0.14/turn              (no ring)
                                (no ring)
                                (no ring)

@: gold aura
A: almost no armour, stealthy swim, amphibious, 8 rings, constrict 8, camouflage
1, gelatinous body 1
a: Potion Petition, Call Merchant, Bribe Branch, Renounce Religion


You were on level 5 of the Dungeon.
You worshipped Gozag.
Gozag was aware of your devotion.
You were not hungry.

You visited 2 branches of the dungeon, and saw 6 of its levels.

You collected 430 gold pieces.
You paid 76 gold pieces to Gozag.

Inventory:

Hand Weapons
 o - a +0 rapier
 s - a +3 falchion of slicing (weapon)
 t - a +4 dagger
Jewellery
 p - an uncursed ring of poison resistance {unknown}
 u - an uncursed ring of magical power {unknown}
Wands
 j - a wand of flame (31)
Scrolls
 c - a scroll of noise {unknown}
 d - 8 scrolls of identify {unknown}
 f - 2 scrolls of amnesia {unknown}
 h - a scroll of fear {unknown}
 i - 4 scrolls of remove curse {unknown}
 k - 2 scrolls of enchant armour {unknown}
 m - 3 scrolls of magic mapping {unknown}
 q - 2 scrolls of immolation {unknown}
 r - a scroll of teleportation {unknown}
Potions
 e - 2 potions of heal wounds {unknown}
 g - 3 potions of curing
 l - a potion of flight {unknown}
 n - 2 potions of brilliance {unknown}
 v - a potion of mutation {unknown}
 w - a potion of resistance {unknown}
Books
 a - a book of Frost

   Spells                             Type                      Level
   a - Freeze                         Ice                          1
   b - Throw Frost                    Conjuration/Ice              2
   c - Ozocubu's Armour               Charms/Ice                   3
   d - Throw Icicle                   Conjuration/Ice              4
   e - Summon Ice Beast               Ice/Summoning                4
Comestibles
 b - 8 rations


   Skills:
 - Level 2.0 Dodging
 - Level 2.6 Stealth
 - Level 5.4 Spellcasting
 + Level 4.6 Conjurations
 - Level 3.0 Ice Magic


You had 10 spell levels left.
You knew the following spells:

 Your Spells              Type           Power        Failure   Level  Hunger
a - Freeze                Ice            ###.         3%          1    None
b - Throw Frost           Conj/Ice       ###...       3%          2    None
c - Ozocubu's Armour      Chrm/Ice       ##......     19%         3    ##.....


Dungeon Overview and Level Annotations

Branches:
Dungeon (5/15)             Temple (1/1) D:4

Altars:
Ashenzari
Cheibriados
Dithmenos
Elyvilon
Fedhas
Gozag
Kikubaaqudgha
Makhleb
Nemelex Xobeh
Okawaru
Qazlal
Ru
Sif Muna
Trog
Uskayaw
Vehumet
Wu Jian
Xom
Yredelemnul
Zin
The Shining One

Annotations:
D:4 microfolk's ghost, novice GnSk


Innate Abilities, Weirdness & Mutations

You cannot wear most types of armour.
You are very stealthy in the water. (Stealth+)
You are amphibious.
You can wear up to eight rings at the same time.
You can use your tentacles to constrict eight enemies at once.
Your skin changes colour to match your surroundings (Stealth+).
Your rubbery body absorbs attacks. (AC +1, EV +1)


Message History

You riposte.
You hit the hound skeleton. You grab the hound skeleton.
You squeeze the hound skeleton.
The hound skeleton is severely damaged.
There is an open door here.
You release your grip on the hound skeleton.
You hit the hound skeleton. You grab the hound skeleton.
The hound skeleton is almost destroyed.
You constrict the hound skeleton.
The hound skeleton bites you but does no damage.
The hound skeleton closely misses you.
You hit the hound skeleton.
You destroy the hound skeleton!
The centaur shoots an arrow.
The arrow hits you.
* * * LOW HITPOINT WARNING * * *
The centaur unwields an uncursed shortbow.
The centaur hits you.
* * * LOW HITPOINT WARNING * * *
The centaur hits you.
You die...
Your body crumbles into a pile of gold.

#...........#.......#
#.......(...+.......#
##...........#.......# #..
.............#.......# #..
.............#.......# #..
.............#.......# #..
..#+##.......#.......# #..
..#.##.......#.......# #..
..#.####.#######@##############..
..#.####.#######.c............#..
....(............................
......)................######.#..
..####################.# #.###
#.####################.######.###
...........................oc....
#.#######.###################'###
#.# #####'##......)..# #.....).


You could see a centaur.

Vanquished Creatures
  A sky beast (D:5)
  A crimson imp (D:5)
  A hound (D:5)
  An orc wizard (D:4)
  3 worker ants
  Terence (D:2)
  A hound skeleton (D:5)
  5 adders
  A shadow imp (D:4)
  An ooze (D:3)
  4 worms
  A dart slug (D:1)
  7 leopard geckos
  13 orcs
  5 bats
  5 giant cockroaches
  14 goblins
  13 hobgoblins
  6 jackals
  3 quokkas
  2 ball pythons
  3 frilled lizards
  5 kobolds
  2 leopard gecko skeletons (D:4)
  15 rats
114 creatures vanquished.

Notes
Turn   | Place    | Note
-------+----------+-------------------------------------------
     0 | D:1      | inc the Octopode Ice Elementalist began the quest for the Orb.
     0 | D:1      | Reached XP level 1. HP: 11/11 MP: 3/3
   387 | D:1      | Reached XP level 2. HP: 11/17 MP: 2/5
   693 | D:1      | Reached skill level 3 in Spellcasting
   871 | D:1      | Reached XP level 3. HP: 20/21 MP: 5/7
  1343 | D:2      | Found a burning altar of Makhleb.
  1343 | D:2      | Found a stormy altar of Qazlal.
  1345 | D:2      | Found a deep blue altar of Sif Muna.
  1612 | D:2      | Noticed Terence
  1666 | D:2      | Reached XP level 4. HP: 20/27 MP: 2/9
  1828 | D:2      | Reached skill level 4 in Spellcasting
  2319 | D:2      | Killed Terence
  2319 | D:2      | Reached XP level 5. HP: 19/31 MP: 6/12
  2687 | D:3      | Reached skill level 5 in Spellcasting
  2859 | D:3      | Noticed a moth of wrath
  2862 | D:3      | Found a bloodstained altar of Trog.
  3268 | D:4      | Noticed microfolk's ghost (novice GnSk)
  3283 | D:4      | Found a staircase to the Ecumenical Temple.
  3292 | Temple   | Entered the Ecumenical Temple
  3486 | Temple   | Became a worshipper of Gozag Ym Sagoz the Greedy
  3618 | D:4      | Found a shadowy altar of Dithmenos.
  3893 | D:4      | Learned a level 2 spell: Throw Frost
  3897 | D:4      | Learned a level 3 spell: Ozocubu's Armour
  3932 | D:4      | Reached XP level 6. HP: 13/36 MP: 8/14
  4110 | D:4      | Noticed a phantom
  4380 | D:5      | Entered Level 5 of the Dungeon
  4891 | D:5      | Noticed a sky beast
  4899 | D:5      | Killed a sky beast
  4977 | D:5      | Reached XP level 7. HP: 41/41 MP: 5/15
  5138 | D:5      | Slain by a centaur

Skill      XL: |  1  2  3  4  5  6 |
---------------+-------------------+-----
Spellcasting   | 3 4 5 |  5.4
Conjurations   | 4 |  4.6
Dodging        | |  2.0
Stealth        | |  2.6
Ice Magic      | |  3.0

Action                   |  1- 3 |  4- 6 |  7- 9 || total
-------------------------+-------+-------+-------++-------
Melee: Unarmed           |    26 |    25 |       ||    51
       Constrict         |    12 |    17 |     4 ||    33
       Tentacles         |       |    10 |     1 ||    11
       Rapier            |       |    12 |       ||    12
       Falchion          |       |    11 |     7 ||    18
 Cast: Freeze            |    48 |   107 |     2 ||   157
       Throw Frost       |       |    20 |     5 ||    25
  Use: Potion            |       |     1 |       ||     1
 Stab: Sleeping          |     5 |     6 |       ||    11
  Eat: Chunk             |     2 |     5 |       ||     7
       Ration            |       |     2 |       ||     2
Armor: Skin              |     5 |     6 |     1 ||    12
Dodge: Dodged            |    24 |    86 |    10 ||   120
       Rpst.: Falchion   |       |     8 |     4 ||    12
